 Dungeon Crawl Stone Soup version 0.16.2-12-gd0ad4c3 (webtiles) character file.

1708 faibistes the Thaumaturge (level 8, -7/47 HPs)
             Began as a Deep Elf Wizard on Sept 16, 2018.
             Was an Initiate of Sif Muna.
             Mangled by an orc warrior
             ... wielding a +0 trident
              (17 damage)
             ... on level 5 of the Dungeon.
             The game lasted 00:21:28 (7963 turns).

faibistes the Thaumaturge (Deep Elf Wizard)         Turns: 7963, Time: 00:21:29

Health: -7/47      AC:  5    Str:  4    XL:     8   Next: 73%
Magic:  5/28       EV: 19    Int: 26    God:    Sif Muna [......]
Gold:   340        SH:  0    Dex: 13    Spells: 7 memorised, 7 levels left

rFire  . . .     SeeInvis .     m - +0 dagger
rCold  . . .     Clarity  .     n - +0 robe
rNeg   . . .     SustAb   .     (no shield)
rPois  .         Gourm    .     b - +0 hat
rElec  .         Spirit   .     a - +0 cloak
rCorr  .         Warding  .     (no gloves)
rMut   .         Stasis   .     I - +1 pair of boots
MR     .....                    t - amulet of regeneration
Stlth  ++........               (no ring)
                                s - +4 ring of evasion

@: repel missiles, not resistant to hostile enchantments, unstealthy
A: no striking features
a: Renounce Religion


You were on level 5 of the Dungeon.
You worshipped Sif Muna.
Sif Muna was noncommittal.
You were not hungry.

You visited 2 branches of the dungeon, and saw 8 of its levels.
You also visited: Ossuary.

You collected 494 gold pieces.
You spent 154 gold pieces at shops.

Inventory:

Hand weapons
 m - a +0 dagger (weapon)
 r - the +12 dagger of Gebishra {venom, +Fly MP-9 Int+3}
   (You bought it in a shop on level 5 of the Dungeon)

   It poisons the flesh of those it strikes.
   It affects your intelligence (+3).
   It affects your magic capacity (-9).
   It lets you fly.
Armour
 a - a +0 cloak (worn)
 b - a +0 hat (worn)
 n - a +0 robe (worn)
 I - a +1 pair of boots (worn)
Jewellery
 s - a +4 ring of evasion (left hand)
 t - an amulet of regeneration (around neck)
Magical devices
 i - a wand of confusion (34)
Scrolls
 e - a scroll of amnesia
 g - a scroll of fog
 k - 2 scrolls of recharging
 o - 2 scrolls of remove curse
 v - a scroll of magic mapping
 A - a scroll of teleportation
Potions
 f - 3 potions of curing
 l - a potion of resistance
 p - a potion of ambrosia
 q - a potion of flight
 u - a potion of haste
 w - a potion of heal wounds {unknown}
 x - 2 potions of magic
 z - a potion of brilliance {unknown}
 C - 3 potions of might
 D - a potion of degeneration {unknown}
 F - 2 potions of restore abilities
 H - a potion of cancellation {unknown}
 L - 2 potions of agility
Books
 c - a book of Minor Magic

   Spells                             Type                      Level
   a - Magic Dart                     Conjuration                  1
   b - Blink                          Translocation                2
   c - Call Imp                       Summoning                    2
   d - Repel Missiles                 Charms/Air                   2
   e - Slow                           Hexes                        2
   f - Conjure Flame                  Conjuration/Fire             3
   g - Mephitic Cloud                 Conjuration/Poison/Air       3
 y - a book of Ice

   Spells                             Type                      Level
   a - Ice Form                       Ice/Transmutation            4
   b - Metabolic Englaciation         Hexes/Ice                    5
   c - Ozocubu's Refrigeration        Ice                          6
   d - Bolt of Cold                   Conjuration/Ice              6
   e - Freezing Cloud                 Conjuration/Ice/Air          6
   f - Simulacrum                     Ice/Necromancy               6
Comestibles
 d - 3 bread rations
 j - 3 meat rations


   Skills:
 - Level 3.6 Fighting
 + Level 5.7 Dodging
 - Level 2.4 Stealth
 * Level 9.5 Spellcasting
 * Level 4.5 Conjurations
 - Level 1.1 Summonings
 - Level 3.2 Translocations
 * Level 1.4 Fire Magic
 * Level 1.2 Ice Magic
 * Level 1.5 Air Magic
 + Level 0.2 Poison Magic
 - Level 3.0 Evocations


You had 7 spell levels left.
You knew the following spells:

 Your Spells              Type           Power        Failure   Level  Hunger
a - Magic Dart            Conj           ####         1%          1    None
b - Conjure Flame         Conj/Fire      ####....     6%          3    None
c - Call Imp              Summ           ###.....     4%          2    None
d - Blink                 Tloc           N/A          1%          2    None
e - Mephitic Cloud        Conj/Pois/Air  ###.....     10%         3    None
f - Repel Missiles        Chrm/Air       ###...       6%          2    None
g - Bolt of Cold          Conj/Ice       ####......   99%         6    ######.


Dungeon Overview and Level Annotations

Branches:
Dungeon (7/15)             Temple (1/1) D:5

Altars:
Ashenzari
Dithmenos
Elyvilon
Fedhas
Gozag
Kikubaaqudgha
Makhleb
Nemelex Xobeh
Okawaru
Qazlal
Ru
Sif Muna
Trog
Vehumet
Xom
Yredelemnul
Zin
The Shining One

Shops:
D:5 (


Message History

The magic dart hits the orc warrior.
The orc warrior is severely wounded.
The orc warrior hits you from afar with a trident!
* * * LOW HITPOINT WARNING * * *
Casting: Magic Dart
Confirm with . or Enter, or press ? or * to list all spells.
Aiming: Magic Dart
Press: ? - help, Shift-Dir - straight line, f/p - orc warrior
Aim: an orc warrior, wielding a trident and wearing a glowing plate armour (severely wounded)
The magic dart hits the orc warrior.
The orc warrior is severely wounded.
Casting: Magic Dart
Confirm with . or Enter, or press ? or * to list all spells.
Aiming: Magic Dart
Press: ? - help, Shift-Dir - straight line, f/p - orc warrior
Aim: an orc warrior, wielding a trident and wearing a glowing plate armour (severely wounded)
The magic dart hits the orc warrior.
The orc warrior is severely wounded.
The orc warrior hits you from afar with a trident!
You die...

##...###
######......###
#.........##..#
###.......###..
#........##..
#........##..
#............
######............
#@§o.#............
####............##
##..........##
##.........##
#...####..##
##.### ##.### #.##
#...### ###
#.#...# #######


You could see an orc warrior.

Vanquished Creatures
  Eustachio (D:4)
  A phantom (D:5)
  6 ogres
  A sky beast (D:5)
  2 giant frogs
  A scorpion (D:4)
  4 hounds
  2 crimson imps
  2 orc priests (D:5)
  A giant frog skeleton (D:5)
  An orc wizard (D:3)
  Natasha (twice) (D:5)
  4 worker ants
  7 mummies (Ossuary)
  3 adders (D:2)
  A giant mite (D:5)
  2 worms
  4 giant geckos
  An ooze (D:5)
  10 orcs
  6 bats
  A bat skeleton (D:5)
  6 giant cockroaches
  10 hobgoblins
  2 jackals (D:5)
  8 kobolds
  A ball python zombie (D:5)
  A giant gecko skeleton (D:5)
  4 giant newts
  A gnoll zombie (Ossuary)
  6 goblins
  2 hobgoblin zombies (Ossuary)
  5 kobold zombies (Ossuary)
  4 quokkas
  9 rats
122 creatures vanquished.

Vanquished Creatures (collateral kills)
  An ice beast (D:5)
  2 worker ants (D:5)
  A mummy (Ossuary)
  A gnoll (D:1)
  An adder (D:2)
  A giant gecko (D:2)
  An ooze (D:1)
  A giant cockroach (D:1)
  A goblin (D:1)
  A kobold (D:1)
11 creatures vanquished.

Vanquished Creatures (others)
  2 crimson imps
2 creatures vanquished.

Grand Total: 135 creatures vanquished

Notes
Turn   | Place    | Note
--------------------------------------------------------------
     0 | D:1      | faibistes, the Deep Elf Wizard, began the quest for the Orb.
     0 | D:1      | Reached XP level 1. HP: 10/10 MP: 6/6
   246 | D:1      | Reached XP level 2. HP: 15/15 MP: 7/9
   250 | D:1      | Learned a level 2 spell: Blink
   253 | D:1      | Learned a level 2 spell: Call Imp
   999 | D:2      | Reached XP level 3. HP: 16/19 MP: 9/13
  1006 | D:2      | Learned a level 3 spell: Conjure Flame
  1011 | D:2      | Learned a level 3 spell: Mephitic Cloud
  1120 | D:2      | Reached skill level 5 in Spellcasting
  1845 | D:2      | Learned a level 2 spell: Repel Missiles
  1990 | D:2      | Reached XP level 4. HP: 24/24 MP: 9/17
  2630 | D:3      | Noticed a giant frog
  2639 | D:3      | Killed a giant frog
  2639 | D:3      | Reached skill level 6 in Spellcasting
  2639 | D:3      | Reached XP level 5. HP: 28/28 MP: 10/20
  2704 | D:4      | Noticed Eustachio
  2831 | D:4      | Killed Eustachio
  2831 | D:4      | Reached XP level 6. HP: 28/32 MP: 12/22
  2898 | D:5      | Entered Level 5 of the Dungeon
  3063 | D:5      | Reached skill level 7 in Spellcasting
  3376 | D:5      | Reached XP level 7. HP: 15/36 MP: 4/25
  3609 | D:5      | Reached skill level 1 in Fighting
  3813 | D:5      | Reached skill level 8 in Spellcasting
  4028 | D:5      | Reached skill level 1 in Evocations
  4173 | D:6      | Reached skill level 5 in Dodging
  4208 | D:6      | Found a sand-covered staircase.
  4247 | Ossuary  | Entered an ossuary
  5480 | D:4      | Reached XP level 8. HP: 45/45 MP: 21/28
  5521 | D:4      | Noticed an ogre
  5533 | D:4      | Killed an ogre
  5985 | D:5      | Reached skill level 9 in Spellcasting
  6355 | D:5      | Noticed Natasha
  6361 | D:5      | Killed Natasha
  6398 | D:5      | Found Kolih's Antique Weapon Emporium.
  6402 | D:5      | Bought a twisted dagger for 154 gold pieces
  6402 | D:5      | Identified the +12 dagger of Gebishra {venom, +Fly MP-9 Int+3} (You bought it in a shop on level 5 of the Dungeon)
  6917 | D:5      | Found a staircase to the Ecumenical Temple.
  6923 | Temple   | Entered the Ecumenical Temple
  7006 | Temple   | Became a worshipper of Sif Muna the Loreminder
  7014 | Temple   | Learned a level 6 spell: Bolt of Cold
  7197 | D:5      | Noticed Natasha
  7208 | D:5      | Killed Natasha
  7753 | D:5      | Reached skill level 1 in Fire Magic
  7753 | D:5      | Reached skill level 1 in Air Magic
  7761 | D:5      | Reached skill level 1 in Ice Magic
  7963 | D:5      | Mangled by an orc warrior

Action                   |  1- 3 |  4- 6 |  7- 9 || total
-------------------------+-------+-------+-------++-------
Melee: Dagger            |     1 |     6 |    40 ||    47
 Cast: Magic Dart        |    76 |    66 |   245 ||   387
       Call Imp          |     6 |    10 |     5 ||    21
       Blink             |     8 |     1 |     4 ||    13
       Mephitic Cloud    |     3 |     8 |    24 ||    35
       Conjure Flame     |     1 |     3 |    24 ||    28
       Repel Missiles    |     1 |       |       ||     1
Evoke: Wand              |       |       |     2 ||     2
  Use: Scroll            |     3 |     1 |    17 ||    21
 Stab: Confused          |       |     1 |     2 ||     3
  Eat: Chunk             |     3 |     4 |     9 ||    16
       Bread ration      |       |       |     1 ||     1
       Royal jelly       |       |       |     1 ||     1
